AoeStats
← ronaldo_nazario

Arabia

509587834Analyzed
1v1 RM · 3d ago on Sep 27, 2026· 45m 20s· 2 players
Game mode
Random Map
Map size
Tiny (2 player)
Population
200
Speed
Normal
Resources
Standard
Victory
Conquest
Starting age
Dark Age
Ending age
Imperial Age
RankedLock teamsTeams togetherTeam positionsShared explorationLock speedFull tech treeHidden civsTurbo modeCheats
Victory
Defeat
🇸🇪 Byzantines · Sweden
1108
+24
🇪🇸 Spanish · Spain
1073
-14
ronaldo_nazario
7:44 Loom
10:14 Feudal Age
11:07 Double-Bit Axe
14:03 Horse Collar
15:52 Gold Mining
18:53 Castle Age
17:47 Stone Mining
18:35 Wheelbarrow
19:41 Bloodlines
24:45 Heavy Plow
28:17 Bow Saw
30:38 Hand Cart
31:05 Scale Barding Armor
30:41 Elite Skirmisher
32:07 Husbandry
34:44 Fletching
35:50 Forging
41:22 Imperial Age
39:37 Padded Archer Armor
42:04 Cavalier
42:42 Bodkin Arrow
LarsIngo
10:32 Feudal Age
12:41 Double-Bit Axe
15:33 Loom
22:10 Castle Age
20:36 Fletching
21:10 Horse Collar
23:19 Bow Saw
24:45 Pikeman
25:27 Squires
25:24 Bodkin Arrow
28:29 Elite Skirmisher
29:11 Padded Archer Armor
30:33 Leather Archer Armor
34:53 Scale Mail Armor
35:37 Forging
38:57 Imperial Age
39:09 Wheelbarrow
38:36 Heavy Plow
38:57 Gambesons
39:40 Chain Mail Armor
41:11 Two-Man Saw
40:53 Gold Mining
42:05 Conscription
41:08 Halberdier
Connection lost

Rejoining the realm…

Still unreachable

The connection could not be restored.

Session expired

The server has moved on; the page needs a fresh start.